 Dungeon Crawl Stone Soup version 0.22.1-6-g1668fe2c40 (webtiles) character file.

32 Gunterle the Shield-Bearer (level 3, -1/29 HPs)
             Began as a Formicid Fighter on Jan 26, 2019.
             Slain by a wight
             ... wielding a +4 short sword
              (5 damage)
             ... on level 1 of the Dungeon.
             The game lasted 00:03:21 (922 turns).

Gunterle the Shield-Bearer (Formicid Fighter)        Turns: 922, Time: 00:03:21

Health: -1/29      AC:  6    Str: 26    XL:     3   Next: 42%
Magic:  3/3        EV:  8    Int:  7    God:
Gold:   67         SH:  9    Dex: 10    Spells: 2/2 levels left

rFire    . . .     SeeInvis +   a - +0 war axe
rCold    . . .     Gourm    .   c - +0 shield
rNeg     . . .     Faith    .   b - +0 scale mail
rPois    .         Spirit   .   (helmet unavailable)
rElec    .         Reflect  .   (no cloak)
rCorr    .         Harm     .   (no gloves)
MR       .....                  (no boots)
Stlth    ..........             (no amulet)
HPRegen  0.09/turn              (no ring)
MPRegen  0.08/turn              (no ring)

@: mighty, drained
A: permanent stasis, dig shafts and tunnels, four strong arms, antennae 3
a: Dig, Shaft Self


You were on level 1 of the Dungeon.
You were not hungry.

You visited 1 branch of the dungeon, and saw 2 of its levels.

You collected 67 gold pieces.

Inventory:

Hand Weapons
 a - a +0 war axe (weapon)
Missiles
 e - 70 stones (quivered)
 h - 2 arrows
 i - 60 sling bullets
Armour
 b - a +0 scale mail (worn)
 c - a +0 shield (worn)
Scrolls
 g - a scroll of remove curse
 k - a scroll of identify {unknown}
 n - a scroll of blinking {unknown}
Potions
 j - a potion of flight {unknown}
 l - a potion of mutation {unknown}
Comestibles
 f - 2 rations


   Skills:
 - Level 3.2(2.7) Fighting
 + Level 3.6(3.0) Axes
 - Level 3.2(2.7) Armour
 - Level 3.6(3.0) Shields


You had 2 spell levels left.
You didn't know any spells.
Your spell library was empty.

Dungeon Overview and Level Annotations

Branches:
Dungeon (2/15)

Altars:
Nemelex Xobeh


Innate Abilities, Weirdness & Mutations

You cannot be hasted, slowed, berserked, paralysed or teleported.
You can dig through walls and to a lower floor.
Your four strong arms can wield two-handed weapons with a shield.
You have a pair of large antennae on your head. (SInv)


Message History

You are too injured to fight recklessly!
You are too injured to fight recklessly!
You are too injured to fight recklessly!
You are too injured to fight recklessly!
You are too injured to fight recklessly!
You are too injured to fight recklessly!
There is a stone staircase leading up here.
You block the wight's attack.
You climb upwards.
There is a stone staircase leading down here.
You feel very mighty all of a sudden.
The wight hits you with an enchanted short sword.
You closely miss the wight.
The wight hits you with an enchanted short sword.
You hit the wight.
The wight is moderately damaged.
The wight hits you with an enchanted short sword.
* * * LOW HITPOINT WARNING * * *
The wight hits you with an enchanted short sword.
You die...

#########...................#...#
.......##.##.##.####.......###...
[......##.##.##.# #......## ##.#
.......##.##.##.# ##......###^.#
..........##.##.#####.#.....#...#
.......#####.##............#.#..#
.....รท.# #)##########...##.#..#
.......#####...........)..##.#..#
##........#....#@######..........
#..#####......z.............#..#
#..# ##.......###.............
#..# #.......###.........#.##
#..# #...........##........# #..#
#.......###.##....#####
#..######......## #.##....######
#.............## #.###........#
#.##########..#####.# ###.###...


You could see a wight.

Vanquished Creatures
  An adder (D:2)
  A dart slug (D:1)
  4 bats (D:1)
  2 goblins
  3 hobgoblins
  2 jackals (D:1)
  A frilled lizard (D:1)
  3 kobolds (D:1)
  5 rats
22 creatures vanquished.

Notes
Turn   | Place    | Note
-------+----------+-------------------------------------------
     0 | D:1      | Gunterle the Formicid Fighter began the quest for the Orb.
     0 | D:1      | Reached XP level 1. HP: 18/18 MP: 1/1
    90 | D:1      | Found a sparkling altar of Nemelex Xobeh.
   135 | D:1      | Reached XP level 2. HP: 24/24 MP: 2/2
   572 | D:1      | Reached XP level 3. HP: 28/29 MP: 3/3
   895 | D:2      | Noticed a wight
   898 | D:2      | Noticed a wight
   922 | D:1      | Slain by a wight

Skill      XL: |  1  2 |
---------------+-------+-----
Axes           | 3 |  3.6
Fighting       | |  3.2
Armour         | |  3.2
Shields        | |  3.6

Action                   || total
-------------------------++-------
Melee: War axe           ||    62
Throw: Stone             ||     2
  Use: Scroll            ||     1
       Potion            ||     1
Armor: Scale mail        ||    24
Dodge: Dodged            ||    24
Block: Shield            ||    28
